 Dungeon Crawl Stone Soup version 0.29.1-15-g9cfb28693d (webtiles) character file.

Game seed: 12616270918321799167

35 386 the Trooper (level 3, 11/29 HPs)
             Began as a Demonspawn Fighter on Mar 22, 2023.
             Quit the game on level 2 of the Dungeon.
             The game lasted 00:01:57 (1312 turns).

386 the Trooper (Demonspawn Fighter)                Turns: 1312, Time: 00:01:57

Health: 11/29      AC:  8    Str: 18    XL:     3   Next: 16%
Magic:  3/3        EV:  9    Int:  9    God:
Gold:   66         SH:  4    Dex: 12    Spells: 2/2 levels left

rFire   . . .      SeeInvis .   a - +0 war axe
rCold   . . .      Faith    .   c - +0 buckler
rNeg    . . .      Spirit   .   b - +0 scale mail
rPois   .          Reflect  .   (no helmet)
rElec   .          Harm     .   (no cloak)
rCorr   .          Rampage  .   (no gloves)
Will    .....                   (no boots)
Stlth   ..........              (no amulet)
HPRegen 0.09/turn               (no ring)
MPRegen 0.08/turn               (no ring)

@: no status effects
A: thin metallic scales 1, weakness stinger 1
a: no special abilities


You were on level 2 of the Dungeon.
You visited 1 branch of the dungeon, and saw 2 of its levels.

You collected 88 gold pieces.
You spent 22 gold pieces at shops.

Inventory:

Hand Weapons
 a - a +0 war axe (weapon)
Missiles
 e - a throwing net (quivered)
Armour
 b - a +0 scale mail (worn)
 c - a +0 buckler (worn)
Scrolls
 g - 2 scrolls of identify
 h - a scroll of blinking {unknown}
 i - a scroll of brand weapon {unknown}
Potions
 d - a potion of might
 f - a potion of haste {unknown}


   Skills:
 + Level 3.3 Fighting
 + Level 2.2 Axes
 + Level 3.0 Armour
 + Level 3.0 Shields


You had 2 spell levels left.
You didn't know any spells.
Your spell library contained the following spells:

 Spells                   Type           Power      Damage    Failure   Level
 Summon Guardian Golem    Hex/Summ       0%         N/A       99%         3
 Orb of Destruction       Conj           0%         9d5       100%        7
 Spellforged Servitor     Conj/Summ      0%         N/A       100%        7


Dungeon Overview and Level Annotations

Branches:
Dungeon (2/15)

Altars:

Shops:
D:1 *


Innate Abilities, Weirdness & Mutations

You are partially covered in thin metallic scales. (AC +2)
You have a small tail.


Message History

You closely miss the ball python. The ball python bites you.
The ball python constricts you.
A worm comes into view.
The ball python bites you but does no damage.
The ball python constricts you.
You slash the ball python!
You kill the ball python!
The goblin shoots a sling bullet.
The sling bullet hits you but does no damage.
You barely miss the adder. The adder bites you but does no damage.
The adder closely misses you.
You barely miss the adder. You closely miss the goblin.
The goblin unwields a +0 sling.
The goblin wields a +0 club.
The goblin hits you but does no damage. The adder closely misses you.
You block the goblin's attack.
You closely miss the adder. You slash the goblin!
You kill the goblin!
You block the adder's attack. The adder closely misses you.
You slash the adder!
The adder is severely wounded.
The adder closely misses you. The adder bites you.
You closely miss the adder.
The adder is severely wounded.
You hit the worm.
The adder bites you but does no damage. x2
The worm bites you.
You are too injured to fight recklessly!
You are too injured to fight recklessly!
You are too injured to fight recklessly!
You are too injured to fight recklessly!
You are too injured to fight recklessly!
You are too injured to fight recklessly!
You slash the adder!
You kill the adder!
You slash the worm! The worm bites you.
You have reached level 3!
Your experience leads to an increase in your attributes!
Increase (S)trength, (I)ntelligence, or (D)exterity?
You feel stronger. x2; Your demonic ancestry asserts itself...
You grow a small tail.
Are you sure you want to abandon this character and quit the game? (Confirm with "yes".)

.. ####.###
#......#
#......#
###......#
........#
##.....$#
#<.)†)..#
#...@†..#
#....w......
#...........
....$........
###....##.....
#)...# .....
#.#.## ....
.... ....


You could see a worm.

Vanquished Creatures
  An adder (D:2)
  A dart slug (D:1)
  A ball python (D:2)
  6 goblins
  3 hobgoblins (D:1)
  2 jackals (D:1)
  2 bats (D:1)
  A frilled lizard (D:1)
  3 kobolds (D:1)
  A spectral goblin (D:1)
21 creatures vanquished.

Notes
Turn   | Place    | Note
-------+----------+-------------------------------------------
     0 | D:1      | 386 the Demonspawn Fighter began the quest for the Orb.
     0 | D:1      | Reached XP level 1. HP: 18/18 MP: 1/1
   477 | D:1      | Gained mutation: You are partially covered in thin metallic
                  | scales. (AC +2) [demonic ancestry]
   477 | D:1      | Reached XP level 2. HP: 12/24 MP: 2/2
   624 | D:1      | Found a faded altar of an unknown god.
   811 | D:1      | Found Zessukog's General Store.
   816 | D:1      | Bought a scroll of identify for 22 gold pieces
  1312 | D:2      | Gained mutation: You have a small tail. [demonic ancestry]
  1312 | D:2      | Reached XP level 3. HP: 11/29 MP: 3/3
  1312 | D:2      | Quit the game

Illustrated notes

Levels and vault maps discovered:
D:1:      dpeg_chamrin_arrival_tetris, layout_loops_corners, serial_shops,
          nicolae_shop_hallway_stairs, dreamdust_ecumenical_altar_drowned_temple
D:2:      layout_basic, kennysheep_boxes, uniq_terence, uniq_robin

Skill      XL: |  1  2 |
---------------+-------+-----
Axes           | 2 |  2.2
Shields        | 3 |  3.0
Armour         | 3 |  3.0
Fighting       | |  3.3

Action                   || total
-------------------------++-------
Melee: War axe           ||    64
Armor: Scale mail        ||    38
Dodge: Dodged            ||    25
Block: Buckler           ||    16
